 Dungeon Crawl Stone Soup version 0.31.0-9-g3a7656b989 (webtiles) character file.

Game seed: 10705392675908466242

23 Kass the Trooper (level 2, 0/35 HPs)
             Began as an Oni Berserker on Jan 30, 2024.
             Was a Follower of Trog.
             Succumbed to an adder's poison
             ... on level 2 of the Dungeon.
             The game lasted 00:01:14 (883 turns).

Kass the Trooper (Oni Berserker)                     Turns: 883, Time: 00:01:15

Health: 0/35       AC:  3    Str: 20    XL:     2   Next: 95%
Magic:  2/2        EV: 10    Int:  8    God:    Trog [*.....]
Gold:   44         SH:  0    Dex:  8    Spells: 1/1 levels left

rFire   . . .        a - +0 spear
rCold   . . .        (no shield)
rNeg    . . .        b - +0 animal skin
rPois   .            (helmet restricted)
rElec   .            (no cloak)
rCorr   .            (gloves unavailable)
SInv    .            (boots unavailable)
Will    .....        (no amulet)
Stlth   +            (no ring)
HPRegen 0.25/turn    (no ring)
MPRegen 0.08/turn

%: no passive effects
@: lethally poisoned (0 -> -7)
A: large, unfitting armour, horns 1, tough skin 1, double potion healing,
drunken brawling
a: Renounce Religion, Berserk


You were on level 2 of the Dungeon.
You worshipped Trog.
Trog was aware of your devotion.
You visited 1 branch of the dungeon, and saw 2 of its levels.

You collected 44 gold pieces.

Inventory:

Hand Weapons
 a - a +0 spear (weapon)
Armour
 b - a +0 animal skin (worn)
Scrolls
 c - a scroll of revelation {unknown}
 d - a scroll of enchant weapon {unknown}
 f - a scroll of vulnerability {unknown}
 h - a scroll of fear {unknown}
Potions
 e - a potion of attraction {unknown}
 g - a potion of lignification {unknown}


   Skills:
 + Level 5.4 Fighting
 - Level 3.0 Polearms
 - Level 2.6 Dodging


You had one spell level left.
You didn't know any spells.
Your spell library was empty.

Dungeon Overview and Level Annotations

Branches:
Dungeon (2/15)

Altars:


Innate Abilities, Weirdness & Mutations

You are too large for most types of armour.
You have a pair of small horns on your head.
You have tough skin. (AC +1)
You gain doubled healing and magic from potions.
Whenever you drink a healing potion, you attack all around you.


Message History

The adder poisons you!
You miss the adder.
The adder is moderately wounded.
You feel sick. The adder bites you.
You are more poisoned.
The adder poisons you!
You puncture the adder!
You kill the adder!
Trog accepts your kill.
You feel very sick. The adder bites you.
You are more poisoned.
The adder poisons you!
You barely miss the adder.
You feel very sick. The adder bites you but does no damage.
You barely miss the adder. Your headbutt misses the adder.
You feel very sick. The adder closely misses you.
You closely miss the adder. Your headbutt misses the adder.
You feel sick. The adder barely misses you. The adder completely misses you.
You barely miss the adder.
You feel sick. The adder misses you.
You closely miss the adder.
You feel sick. The adder bites you but does no damage.
You miss the adder.
You feel sick. The adder barely misses you.
You hit the adder but do no damage. You headbutt the adder.
The adder is heavily wounded.
You feel sick. The adder bites you.
* * * LOW HITPOINT WARNING * * *
You are lethally poisoned!
The adder poisons you!
You hit the adder.
The adder is heavily wounded.
* * * LOW HITPOINT WARNING * * *
You feel sick. The adder bites you.
* * * LOW HITPOINT WARNING * * *
The adder closely misses you.
You miss the adder.
The adder is heavily wounded.
You die...

#. .. ##.# .#
#... .# ##
#..### #.##...
#.... .......
#...# .......
#...###.....#.
#...@Sg†......
#...###.....#.
#######...#
.....#
#......####
.......
#.##...##
####.##
#.#...[.## .#
#######........#
#
.<............##
........##...##


You could see an adder and a goblin.

Vanquished Creatures
  An adder (D:2)
  2 hobgoblins (D:1)
  3 jackals (D:1)
  A quokka (D:1)
  2 bats (D:1)
  2 frilled lizards (D:1)
  A kobold (D:1)
  3 rats
15 creatures vanquished.

Notes
Turn   | Place    | Note
-------+----------+-------------------------------------------
     0 | D:1      | Kass the Oni Berserker began the quest for the Orb.
     0 | D:1      | Reached XP level 1. HP: 24/24 MP: 1/1
   182 | D:1      | Reached XP level 2. HP: 33/33 MP: 2/2
   472 | D:1      | Reached skill level 5 in Fighting
   883 | D:2      | Succumbed to an adder's poison

Illustrated notes

Levels and vault maps discovered:
D:1:      psy_arrival_statuary, layout_basic, serial_bayou_lagoon_a
D:2:      minmay_diamond_boxcup, layout_loops_cross

Skill      XL: |  1  2 |
---------------+-------+-----
Fighting       | 5 |  5.4
Polearms       | |  3.0
Dodging        | |  2.6

Action                     || total
---------------------------++-------
  Melee: Spear             ||    60
         Headbutt          ||     5
 Armour: Animal skin       ||    35
  Dodge: Dodged            ||    32
